 Dungeon Crawl Stone Soup version 0.30.0-5-g1a98f26d00 (webtiles) character file.

Game seed: 796520998923683064

763 fozzywoppz the Ruffian (level 7, -2/61 HPs)
             Began as a Ghoul Monk on May 9, 2023.
             Was a Believer of Wu Jian.
             Slain by Pikel
             ... wielding a +1 whip of freezing
              (10 damage)
             ... on level 5 of the Dungeon.
             The game lasted 00:07:28 (3641 turns).

fozzywoppz the Ruffian (Ghoul Monk)                 Turns: 3641, Time: 00:07:28

Health: -2/61      AC:  6    Str: 17    XL:     7   Next: 81%
Magic:  6/6        EV: 13    Int: 11    God:    Wu Jian [**....]
Gold:   311        SH:  0    Dex: 11    Spells: 6/6 levels left

rFire   + .          .
                       - Unarmed
rCold   + . .        c - orb {light}
rNeg    + + +        r - +3 leather armour {rF+}
rPois   ∞            (no helmet)
rElec   .            (no cloak)
rCorr   .            (no gloves)
SInv    .            (no boots)
Will    .....        k - amulet of magic regeneration
Stlth   +            d - +6 ring of intelligence
HPRegen 0.00/turn    (no ring)
MPRegen 0.50/turn

%: no passive effects
@: inhibited regen, glowing
A: claws 1, cold resistance 1, negative energy resistance 3, inhibited
regeneration, torment resistance 2, devour on kill
a: Renounce Religion, Wall Jump


You were on level 5 of the Dungeon.
You worshipped Wu Jian.
Wu Jian was pleased with you.
You visited 2 branches of the dungeon, and saw 6 of its levels.

You collected 311 gold pieces.

Inventory:

Missiles
 u - 2 javelins (quivered)
Armour
 c - an orb of light (worn)
 m - a +0 ring mail
 r - a +3 leather armour of fire resistance (worn)
Jewellery
 d - a +6 ring of intelligence (left claw)
 k - an amulet of magic regeneration (around neck)
Wands
 o - a wand of paralysis (5)
Scrolls
 a - 4 scrolls of identify {unknown}
 f - 2 scrolls of noise {unknown}
 g - 2 scrolls of teleportation {unknown}
 i - a scroll of magic mapping {unknown}
 l - 2 scrolls of amnesia {unknown}
 n - a scroll of fear {unknown}
 p - 2 scrolls of vulnerability {unknown}
 t - a scroll of fog {unknown}
Potions
 b - 2 potions of ambrosia
 e - a potion of degeneration {unknown}
 h - 2 potions of curing
 j - 2 potions of invisibility {unknown}
 q - 2 potions of heal wounds {unknown}
 s - a potion of haste {unknown}
 v - 2 potions of attraction {unknown}
 w - a potion of lignification {unknown}
 x - a potion of brilliance {unknown}


   Skills:
 + Level 5.4 Fighting
 - Level 1.4 Armour
 + Level 4.6 Dodging
 - Level 1.0 Stealth
 + Level 7.0 Unarmed Combat


You had 6 spell levels left.
You didn't know any spells.
Your spell library contained the following spells:

 Spells                   Type           Power      Damage    Failure   Level
 Apportation              Tloc           0%         N/A       38%         1
 Necrotise                Necr           0%         1d4       38%         1
 Slow                     Hex            0%         N/A       38%         1
 Summon Small Mammal      Summ           0%         N/A       38%         1
 Ensorcelled Hibernation  Hex/Ice        0%         N/A       54%         2
 Passwall                 Tmut/Erth      0%         N/A       54%         2
 Confusing Touch          Hex            0%         N/A       77%         3
 Swiftness                Air            0%         N/A       77%         3
 Vampiric Draining        Necr           0%         2d6       77%         3


Dungeon Overview and Level Annotations

Branches:
Dungeon (5/15)             Temple (1/1) D:4

Altars:
Cheibriados
Dithmenos
Fedhas
Gozag
Hepliaklqana
Kikubaaqudgha
Okawaru
Qazlal
Sif Muna
Trog
Uskayaw
Vehumet
Wu Jian
Xom
Yredelemnul

Annotations:
D:5 Pikel


Innate Abilities, Weirdness & Mutations

You are immune to poison.
You have sharp fingernails.
Your flesh is cold resistant. (rC+)
You are immune to negative energy. (rN+++)
You do not regenerate when monsters are visible.
You are immune to unholy pain and torment.
You thrive by killing the living.


Message History

Unknown command.
You scratch the lemure.
The lemure is lightly wounded.
You scratch Pikel but do no damage.
Pikel is moderately wounded.
The lemure barely misses you. Pikel misses you.
You completely miss Pikel.
Pikel is moderately wounded.
You barely miss Pikel.
Pikel is moderately wounded.
The lemure hits you but does no damage. Pikel closely misses you.
You claw Pikel!
Pikel is severely wounded.
The lemure hits you but does no damage. Pikel hits you but does no damage.
You scratch the lemure.
The lemure is moderately wounded.
The lemure hits you but does no damage.
Pikel hits you with a +1 whip of freezing!
Pikel freezes you. The lemure hits you but does no damage.
Unknown command.
The lemure attacks as you move away! The lemure hits you!
You claw the lemure!
The lemure is heavily wounded.
Pikel hits you with a +1 whip of freezing.
Pikel freezes you. The lemure attacks as you move away!
The lemure completely misses you.
You spin and attack Pikel.
You barely miss Pikel.
Pikel is severely wounded.
Pikel hits you with a +1 whip of freezing.
The lemure closely misses you.
You scratch Pikel but do no damage.
Pikel is severely wounded.
The lemure hits you.
* * * LOW HITPOINT WARNING * * *
Pikel hits you with a +1 whip of freezing!
* * * LOW HITPOINT WARNING * * *
The lemure closely misses you. Pikel attacks as you move away!
Pikel hits you with a +1 whip of freezing!
You die...

#####..#.......
...#$.............
#................ .#
##.###....#...... #..##
##...#.##...... ...#
##...##.........
##..###.....55........
####...#.#.....5K5.......
#.............##@........
...........#.............
##.........#.............
(#....#..###....#........
(#....†..##.^............
##...###.................
...#.###...........#.....
...#.##....#............
..##.#....##.)........


You could see Pikel and 4 lemures.

Vanquished Creatures
  A human (D:3)
  An ice beast (D:5)
  2 ogres
  A scorpion (D:5)
  2 hounds
  3 iguanas
  A human skeleton (D:3)
  A sleepcap (D:4)
  An adder (D:2)
  A shadow imp (D:5)
  An ufetubus (D:5)
  A worm (D:2)
  A dart slug (D:1)
  7 orcs
  8 ball pythons
  8 endoplasms
  4 giant cockroaches
  7 goblins
  5 hobgoblins
  9 jackals
  9 kobolds
  5 bats
  4 frilled lizards
  A goblin skeleton (D:3)
  A goblin zombie (D:3)
  5 rats
90 creatures vanquished.

Notes
Turn   | Place    | Note
-------+----------+-------------------------------------------
     0 | D:1      | fozzywoppz the Ghoul Monk began the quest for the Orb.
     0 | D:1      | Reached XP level 1. HP: 19/19 MP: 0/0
   129 | D:1      | Reached XP level 2. HP: 23/26 MP: 1/1
   273 | D:1      | Reached XP level 3. HP: 31/33 MP: 2/2
   574 | D:1      | Reached skill level 4 in Unarmed Combat
   926 | D:2      | Found a faded altar of an unknown god.
  1008 | D:2      | Reached XP level 4. HP: 31/40 MP: 3/3
  1605 | D:3      | Found a runed translucent door.
  1605 | D:3      | Noticed a human
  1642 | D:3      | Found a basalt altar of Yredelemnul.
  1665 | D:3      | Killed a human
  1666 | D:3      | Reached skill level 1 in Armour
  1666 | D:3      | Reached skill level 1 in Stealth
  1666 | D:3      | Reached skill level 5 in Unarmed Combat
  1666 | D:3      | Reached XP level 5. HP: 18/46 MP: 4/4
  1666 | D:3      | Reached XP level 6. HP: 20/52 MP: 5/5
  2230 | D:4      | Found a staircase to the Ecumenical Temple.
  2301 | Temple   | Entered the Ecumenical Temple
  2417 | Temple   | Became a worshipper of the Wu Jian Council
  2417 | Temple   | Reached * piety under Wu Jian
  2417 | Temple   | Reached ** piety under Wu Jian
  2581 | D:4      | Reached skill level 6 in Unarmed Combat
  3228 | D:5      | Entered Level 5 of the Dungeon
  3228 | D:5      | Noticed an ice beast
  3246 | D:5      | Killed an ice beast
  3247 | D:5      | Reached XP level 7. HP: 37/60 MP: 6/6
  3352 | D:5      | Reached skill level 5 in Fighting
  3564 | D:5      | Noticed a +0 hand axe
  3565 | D:5      | Noticed a +0 dagger
  3570 | D:5      | Found a hide-covered altar of Uskayaw.
  3613 | D:5      | Noticed Pikel
  3618 | D:5      | Reached skill level 7 in Unarmed Combat
  3641 | D:5      | Slain by Pikel

Illustrated notes

Levels and vault maps discovered:
D:1:      moated_graveyard_arrival, layout_loops_ring
D:2:      layout_basic, shapermc_ecumenical_altar_mp_urbaneastern
D:3:      layout_rooms, dk_yredelemnul_ordeal
D:4:      layout_gridville, minmay_temple_entry_tees, minmay_misc_feat_tower
D:5:      layout_cave_pools, dancing_weapons_uskayaw, uniq_pikel
Temple:   nicolae_temple_elliptical

Skill      XL: |  1  2  3  4  5  6  7 |
---------------+----------------------+-----
Dodging        | 3 4 |  4.6
Unarmed Combat | 4 5 6 7 |  7.0
Armour         | 1 |  1.4
Stealth        | 1 |  1.0
Fighting       | 4 5 |  5.4

Action                     |  1- 3 |  4- 6 |  7- 9 || total
---------------------------+-------+-------+-------++-------
  Melee: Unarmed           |    87 |   141 |    79 ||   307
Ability: Whirlwind         |       |    19 |    11 ||    30
         Lunge             |       |     5 |     1 ||     6
  Evoke: Wand              |       |     3 |       ||     3
    Use: Potion            |       |     1 |       ||     1
   Stab: Distracted        |       |     1 |       ||     1
         Paralysed         |       |     4 |       ||     4
 Armour: Robe              |    15 |       |       ||    15
         Ring mail         |       |    16 |       ||    16
         Leather armour    |       |    19 |    25 ||    44
  Dodge: Dodged            |    69 |    57 |    47 ||   173
